TOP OF THE 1ST |
Bismark Border Guards batting - Pitching for Menlo Maniacs : RHP Brad Small
|
Pitching: RHP Brad Small
|
|
Batting: RHB Sergio Solíz
|
0-0: SINGLE (Flyball, 7LS)
|
Batting: RHB Warren Martin
|
0-0: Ball 1-0: Called Strike 1-1: Ball 2-1: Ball 3-1: Called Strike 3-2: Foul Ball, location: 2F 3-2: Ground out U3 (Groundball, 34) Sergio Solíz to second
|
Batting: LHB Alan Moore
|
0-0: Ball 1-0: Ball 2-0: Fly out, F8 (Flyball, 8LM)
|
Batting: LHB David Hernández
|
0-0: Ball 1-0: Foul Ball, location: 2F 1-1: Hit by Pitch
|
Batting: RHB Mario Carranza
|
0-0: Ball 1-0: Called Strike 1-1: Ball 2-1: SINGLE (Line Drive, 8LS) Sergio Solíz to third David Hernández to second Runner from 3rd tries for Home, SAFE, throw made home
|
Batting: RHB Doug Williams
|
0-0: Called Strike 0-1: Ball 1-1: Foul Ball, location: 2F 1-2: Foul Ball, location: 2F 1-2: Strikes out swinging
|
Top of the 1st over - 1 run, 2 hits, 0 errors, 2 left on base; Bismark 1 - Menlo 0 |
BOTTOM OF THE 1ST |
Menlo Maniacs batting - Pitching for Bismark Border Guards : RHP Bret McJannett
|
Pitching: RHP Bret McJannett
|
|
Batting: RHB William Rogers
|
0-0: Called Strike 0-1: Ground out 4-3 (Groundball, 4S)
|
Batting: RHB Jason Patrick
|
0-0: Ball 1-0: Called Strike 1-1: SINGLE (Flyball, 7LM)
|
Batting: LHB Tim Ramsey
|
0-0: Called Strike 0-1: Called Strike 0-2: Ball 1-2: Ball 2-2: Ground out 4-3 (Groundball, 4) Jason Patrick to second
|
Batting: LHB Marcos Vázquez
|
0-0: Fly out, F5 (Popup, 56S)
|
Bottom of the 1st over - 0 runs, 1 hit, 0 errors, 1 left on base; Bismark 1 - Menlo 0 |
TOP OF THE 2ND |
Bismark Border Guards batting - Pitching for Menlo Maniacs : RHP Brad Small
|
Batting: RHB Danny Spode
|
0-0: Ball 1-0: Fly out, F9 (Flyball, 9)
|
Batting: SHB Richard Griffin
|
0-0: Called Strike 0-1: Ball 1-1: Ball 2-1: Ball 3-1: Base on Balls
|
Batting: LHB Manuel Pérez
|
0-0: Swinging Strike 0-1: Ball 1-1: Ball 2-1: Foul Ball, location: 2F 2-2: Ball 3-2: Ground out U3 (Groundball, 34) Richard Griffin to second
|
Batting: RHB Sergio Solíz
|
0-0: Ball 1-0: Called Strike 1-1: Foul Ball, location: 2F 1-2: Foul Ball, location: 2F 1-2: Ball 2-2: Foul Ball, location: 2F 2-2: Ball 3-2: Ground out U3 (Groundball, 3)
|
Top of the 2nd over - 0 runs, 0 hits, 0 errors, 1 left on base; Bismark 1 - Menlo 0 |
BOTTOM OF THE 2ND |
Menlo Maniacs batting - Pitching for Bismark Border Guards : RHP Bret McJannett
|
Batting: LHB Dave Lee
|
0-0: Called Strike 0-1: Ball 1-1: Foul Ball, location: 2F 1-2: Foul Ball, location: 2F 1-2: SINGLE (Groundball, 4MD)
|
Batting: LHB Ken Smith
|
0-0: Ball 1-0: Called Strike 1-1: Foul Ball, location: 2F 1-2: Ball 2-2: Foul Ball, location: 2F 2-2: Fly out, F6 (Flyball, 56D)
|
Batting: RHB José Méndez
|
0-0: Foul Ball, location: 2F 0-1: Fly out, F9 (Flyball, 89XD)
|
Batting: RHB Danny Boykins
|
0-0: Ball 1-0: Fly out, F9 (Flyball, 9)
|
Bottom of the 2nd over - 0 runs, 1 hit, 0 errors, 1 left on base; Bismark 1 - Menlo 0 |
TOP OF THE 3RD |
Bismark Border Guards batting - Pitching for Menlo Maniacs : RHP Brad Small
|
Batting: RHB Warren Martin
|
0-0: Ball 1-0: SINGLE (Flyball, 8LS)
|
Batting: LHB Alan Moore
|
0-0: Called Strike 0-1: Ball 1-1: Ball 2-1: Fly out, F9 (Line Drive, 9D)
|
Batting: LHB David Hernández
|
0-0: Swinging Strike 0-1: Swinging Strike 0-2: Grounds into double play, 4-6-3 (Groundball, 34)
|
Top of the 3rd over - 0 runs, 1 hit, 0 errors, 0 left on base; Bismark 1 - Menlo 0 |
BOTTOM OF THE 3RD |
Menlo Maniacs batting - Pitching for Bismark Border Guards : RHP Bret McJannett
|
Batting: RHB Jimmy Skinner
|
0-0: Called Strike 0-1: DOUBLE (Flyball, 78D)
|
Batting: RHB William Rogers
|
0-0: Swinging Strike 0-1: Foul Ball, location: 2F 0-2: Strikes out swinging
|
Batting: RHB Jason Patrick
|
0-0: Ball Wild Pitch! Jimmy Skinner to third 1-0: Ball 2-0: Swinging Strike 2-1: Swinging Strike 2-2: Strikes out swinging
|
Batting: LHB Tim Ramsey
|
0-0: Foul Ball, location: 2F 0-1: SINGLE (Groundball, 34D) Jimmy Skinner scores
|
Batting: LHB Marcos Vázquez
|
Pickoff Throw to First - Out!
|
Bottom of the 3rd over - 1 run, 2 hits, 0 errors, 0 left on base; Bismark 1 - Menlo 1 |
TOP OF THE 4TH |
Bismark Border Guards batting - Pitching for Menlo Maniacs : RHP Brad Small
|
Batting: RHB Mario Carranza
|
0-0: Called Strike 0-1: Called Strike 0-2: Strikes out swinging
|
Batting: RHB Doug Williams
|
0-0: Ball 1-0: Foul Ball, location: 2F 1-1: SINGLE (Flyball, 78S)
|
Batting: RHB Danny Spode
|
0-0: Ball 1-0: Ball 2-0: Foul Ball, location: 2F 2-1: Called Strike 2-2: SINGLE (Flyball, 6D) Doug Williams to second
|
Batting: SHB Richard Griffin
|
0-0: Ball 1-0: Foul Ball, location: 2F 1-1: Called Strike 1-2: Foul Ball, location: 2F 1-2: Foul Ball, location: 2F 1-2: Strikes out looking
|
Batting: LHB Manuel Pérez
|
0-0: Called Strike 0-1: Ball 1-1: Called Strike 1-2: Ground out 4-3 (Groundball, 4D)
|
Top of the 4th over - 0 runs, 2 hits, 0 errors, 2 left on base; Bismark 1 - Menlo 1 |
BOTTOM OF THE 4TH |
Menlo Maniacs batting - Pitching for Bismark Border Guards : RHP Bret McJannett
|
Batting: LHB Marcos Vázquez
|
0-0: Ball 1-0: Ball 2-0: Foul Ball, location: 2F 2-1: Fly out, F9 (Flyball, 9LS)
|
Batting: LHB Dave Lee
|
0-0: Ball 1-0: Ball 2-0: SINGLE (Flyball, 7S)
|
Batting: LHB Ken Smith
|
0-0: Called Strike 0-1: Ball 1-1: Swinging Strike 1-2: Ball Dave Lee is caught stealing 2nd base 2-2: Ground out 1-3 (Groundball, P)
|
Bottom of the 4th over - 0 runs, 1 hit, 0 errors, 0 left on base; Bismark 1 - Menlo 1 |
TOP OF THE 5TH |
Bismark Border Guards batting - Pitching for Menlo Maniacs : RHP Brad Small
|
Batting: RHB Sergio Solíz
|
0-0: Ball 1-0: Ball 2-0: Ball 3-0: Base on Balls
|
Batting: RHB Warren Martin
|
0-0: Ball 1-0: Foul Ball, location: 2F 1-1: Fielders Choice at 2nd, 6-4 (Groundball, 56)
|
Batting: LHB Alan Moore
|
0-0: SINGLE (Flyball, 78M) Warren Martin to second
|
Batting: LHB David Hernández
|
0-0: Called Strike 0-1: SINGLE (Groundball, 3D) Warren Martin to third Alan Moore to second Runner from 3rd tries for Home, SAFE, throw made home
|
Batting: RHB Mario Carranza
|
0-0: Ball 1-0: Swinging Strike 1-1: Ball 2-1: Called Strike 2-2: Ball 3-2: Foul Ball, location: 2F 3-2: Base on Balls Alan Moore to third David Hernández to second
|
Batting: RHB Doug Williams
|
0-0: Called Strike 0-1: Ball 1-1: Ball 2-1: Swinging Strike 2-2: Foul Ball, location: 2F 2-2: Foul Ball, location: 2F 2-2: Ball 3-2: Base on Balls Alan Moore scores David Hernández to third Mario Carranza to second
|
Pitching: RHP Wayne Todd
|
|
Batting: RHB Danny Spode
|
0-0: Ball 1-0: Ball 2-0: Ball 3-0: Called Strike 3-1: Swinging Strike 3-2: Base on Balls David Hernández scores Mario Carranza to third Doug Williams to second
|
Batting: SHB Richard Griffin
|
0-0: Ball 1-0: Foul Ball, location: 2F 1-1: Called Strike 1-2: Strikes out swinging
|
Batting: LHB Manuel Pérez
|
0-0: Ball 1-0: Ball 2-0: Ball 3-0: Base on Balls Mario Carranza scores Doug Williams to third Danny Spode to second
|
Batting: RHB Sergio Solíz
|
0-0: SINGLE (Flyball, 7S) Doug Williams scores Danny Spode to third Manuel Pérez to second Runner from 3rd tries for Home, SAFE, no throw
|
Batting: RHB Warren Martin
|
0-0: Called Strike 0-1: Ball 1-1: Called Strike 1-2: Strikes out swinging
|
Top of the 5th over - 6 runs, 3 hits, 0 errors, 2 left on base; Bismark 7 - Menlo 1 |
BOTTOM OF THE 5TH |
Menlo Maniacs batting - Pitching for Bismark Border Guards : RHP Bret McJannett
|
Batting: RHB José Méndez
|
0-0: Foul Ball, location: 2F 0-1: Ball 1-1: Ground out 6-3 (Groundball, 6)
|
Batting: RHB Danny Boykins
|
0-0: Foul Ball, location: 2F 0-1: Ball 1-1: Foul Ball, location: 2F 1-2: Foul Ball, location: 2F 1-2: Fly out, F8 (Line Drive, 89M)
|
Batting: RHB Jimmy Skinner
|
0-0: Fly out, F6 (Line Drive, 6)
|
Bottom of the 5th over - 0 runs, 0 hits, 0 errors, 0 left on base; Bismark 7 - Menlo 1 |
TOP OF THE 6TH |
Bismark Border Guards batting - Pitching for Menlo Maniacs : RHP Wayne Todd
|
Batting: LHB Alan Moore
|
0-0: Fly out, F6 (Popup, 6M)
|
Batting: LHB David Hernández
|
0-0: Called Strike 0-1: Ball 1-1: Ball 2-1: Swinging Strike 2-2: Ball 3-2: Base on Balls
|
Batting: RHB Mario Carranza
|
0-0: Ball 1-0: Fly out, F9 (Flyball, 89D)
|
Batting: RHB Doug Williams
|
0-0: Ball 1-0: Called Strike 1-1: Called Strike 1-2: Ball David Hernández steals 2nd base 2-2: Ball 3-2: Base on Balls
|
Batting: RHB Danny Spode
|
0-0: Foul Ball, location: 2F 0-1: Ball 1-1: Called Strike 1-2: Hit by Pitch David Hernández to third Doug Williams to second
|
Batting: SHB Richard Griffin
|
0-0: Called Strike 0-1: Called Strike 0-2: Ball 1-2: Ball 2-2: Ball 3-2: Foul Ball, location: 2F 3-2: Base on Balls David Hernández scores Doug Williams to third Danny Spode to second
|
Batting: LHB Manuel Pérez
|
0-0: Ball 1-0: Called Strike 1-1: Ball 2-1: Fly out, F4 (Line Drive, 4)
|
Top of the 6th over - 1 run, 0 hits, 0 errors, 3 left on base; Bismark 8 - Menlo 1 |
BOTTOM OF THE 6TH |
Menlo Maniacs batting - Pitching for Bismark Border Guards : RHP Bret McJannett
|
Batting: RHB William Rogers
|
0-0: Ball 1-0: Ball 2-0: Called Strike 2-1: SINGLE (Groundball, 56S) (infield hit)
|
Batting: RHB Jason Patrick
|
0-0: Fielders Choice at 2nd, 6-4 (Groundball, 6)
|
Batting: LHB Tim Ramsey
|
0-0: Called Strike 0-1: Foul Ball, location: 2F 0-2: Ball 1-2: Ball 2-2: Strikes out looking
|
Batting: LHB Marcos Vázquez
|
0-0: Ball Jason Patrick steals 2nd base 1-0: Ground out U3 (Groundball, 34)
|
Bottom of the 6th over - 0 runs, 1 hit, 0 errors, 1 left on base; Bismark 8 - Menlo 1 |
TOP OF THE 7TH |
Bismark Border Guards batting - Pitching for Menlo Maniacs : RHP Wayne Todd
|
Batting: RHB Sergio Solíz
|
0-0: Ball 1-0: Ball 2-0: Fly out, F3 (Popup, 3DF)
|
Batting: RHB Warren Martin
|
0-0: Ball 1-0: Ball 2-0: Foul Ball, location: 2F 2-1: Ball 3-1: Called Strike 3-2: Base on Balls
|
Pitching: LHP Marc Sizemore
|
|
Batting: LHB Alan Moore
|
0-0: SINGLE (Groundball, 6D) Warren Martin to second
|
Batting: LHB David Hernández
|
0-0: Ball 1-0: Ball 2-0: Called Strike 2-1: Fly out, F7 (Flyball, 7LS)
|
Batting: RHB Mario Carranza
|
0-0: Called Strike 0-1: Ball 1-1: Swinging Strike 1-2: Ball 2-2: Strikes out swinging
|
Top of the 7th over - 0 runs, 1 hit, 0 errors, 2 left on base; Bismark 8 - Menlo 1 |
BOTTOM OF THE 7TH |
Menlo Maniacs batting - Pitching for Bismark Border Guards : RHP Bret McJannett
|
Batting: LHB Dave Lee
|
0-0: Swinging Strike 0-1: Swinging Strike 0-2: Foul Ball, location: 2F 0-2: Ball 1-2: Ball 2-2: SINGLE (Groundball, 56D)
|
Batting: LHB Ken Smith
|
0-0: Fly out, F7 (Flyball, 7LM)
|
Batting: RHB José Méndez
|
0-0: Called Strike 0-1: Fly out, F9 (Flyball, 89S)
|
Batting: RHB Danny Boykins
|
0-0: Called Strike 0-1: Ball 1-1: Ball 2-1: Foul Ball, location: 2F 2-2: Ball Dave Lee is caught stealing 2nd base
|
Bottom of the 7th over - 0 runs, 1 hit, 0 errors, 0 left on base; Bismark 8 - Menlo 1 |
TOP OF THE 8TH |
Bismark Border Guards batting - Pitching for Menlo Maniacs : LHP Marc Sizemore
|
Batting: RHB Doug Williams
|
0-0: Ball 1-0: Called Strike 1-1: Called Strike 1-2: Foul Ball, location: 2F 1-2: Fly out, F3 (Popup, 3SF)
|
Batting: RHB Danny Spode
|
0-0: Ball 1-0: Called Strike 1-1: Swinging Strike 1-2: Ball 2-2: SINGLE (Line Drive, 6MD)
|
Batting: SHB Richard Griffin
|
0-0: Ball 1-0: Fly out, F4 (Popup, 34S)
|
Batting: LHB Manuel Pérez
|
0-0: Ball 1-0: Ball 2-0: Foul Ball, location: 2F 2-1: Foul Ball, location: 2F 2-2: Foul Ball, location: 2F 2-2: SINGLE (Line Drive, 4M) Danny Spode to second
|
Batting: RHB Sergio Solíz
|
0-0: Fly out, F9 (Flyball, 9D)
|
Top of the 8th over - 0 runs, 2 hits, 0 errors, 2 left on base; Bismark 8 - Menlo 1 |
BOTTOM OF THE 8TH |
Menlo Maniacs batting - Pitching for Bismark Border Guards : RHP Bret McJannett
|
Now at 3B: José Vidal
|
|
Batting: RHB Danny Boykins
|
0-0: Swinging Strike 0-1: Ball 1-1: Ground out 1-3 (Groundball, P)
|
Batting: RHB Jimmy Skinner
|
0-0: Ball 1-0: Foul Ball, location: 2F 1-1: Ball 2-1: Called Strike 2-2: Ball 3-2: Fly out, F5 (Popup, 5)
|
Batting: RHB William Rogers
|
0-0: Called Strike 0-1: Called Strike 0-2: Ball 1-2: Ground out 4-3 (Groundball, 4)
|
Bottom of the 8th over - 0 runs, 0 hits, 0 errors, 0 left on base; Bismark 8 - Menlo 1 |
TOP OF THE 9TH |
Bismark Border Guards batting - Pitching for Menlo Maniacs : LHP Marc Sizemore
|
Batting: RHB Warren Martin
|
0-0: Called Strike 0-1: Swinging Strike 0-2: Fly out, F9 (Line Drive, 9S)
|
Batting: LHB Alan Moore
|
0-0: Ground out U3 (Groundball, 3)
|
Batting: LHB David Hernández
|
0-0: Ball 1-0: SINGLE (Groundball, 4MD)
|
Batting: RHB Mario Carranza
|
0-0: Ball 1-0: Fielders Choice at 2nd, 5-4 (Groundball, 56)
|
Top of the 9th over - 0 runs, 1 hit, 0 errors, 1 left on base; Bismark 8 - Menlo 1 |
BOTTOM OF THE 9TH |
Menlo Maniacs batting - Pitching for Bismark Border Guards : RHP Bret McJannett
|
Now in LF: Oliver Sánchez
|
|
Batting: RHB Jason Patrick
|
0-0: Called Strike 0-1: Swinging Strike 0-2: Ball 1-2: Strikes out swinging
|
Batting: LHB Tim Ramsey
|
0-0: Ball 1-0: Fly out, F9 (Flyball, 9)
|
Batting: LHB Marcos Vázquez
|
0-0: Ball 1-0: Foul Ball, location: 2F 1-1: Foul Ball, location: 2F 1-2: SOLO HOME RUN (Line Drive, 89XD), Distance : 423 ft
|
Batting: LHB Dave Lee
|
0-0: Swinging Strike 0-1: Foul Ball, location: 2F 0-2: Ball 1-2: SINGLE (Flyball, 9LS)
|
Batting: LHB Ken Smith
|
0-0: Foul Ball, location: 2F 0-1: Foul Ball, location: 2F 0-2: Ball 1-2: Ball 2-2: Strikes out swinging
|
Bottom of the 9th over - 1 run, 2 hits, 0 errors, 1 left on base; Bismark 8 - Menlo 2 |
|